3005 views
Uploaded 2020-03-24 18:25:32
Game version 1.32.3
25:20 long 4on4 ladder game on (8)Sanctuary_LV
Saved by BaDitO2
3005 views
Uploaded 2020-03-24 18:25:32
Game version 1.32.3
25:20 long 4on4 ladder game on (8)Sanctuary_LV


128 units @ 20.1k
/ 2.9k
82 buildings @ 9.5k
/ 3.8k

| Peasant | 11 | 825 | / | 0 |
| Footman | 11 | 1485 | / | 0 |
| Gryphon Rider | 6 | 1680 | / | 420 |
| total: | 28 | 3990g | / | 420w |
| Barracks | 2 | 320 | / | 120 |
| Farm | 8 | 640 | / | 160 |
| Altar of Kings | 2 | 360 | / | 100 |
| Blacksmith | 1 | 140 | / | 60 |
| Lumber Mill | 1 | 120 | / | 0 |
| Town Hall | 3 | 1155 | / | 615 |
| Gryphon Aviary | 3 | 420 | / | 450 |
| Keep | 1 | 320 | / | 210 |
| Castle | 1 | 360 | / | 210 |
| total: | 20 | 3155g | / | 1505w |
| 0:14 | Peasant |
| 0:15 | Peasant |
| 0:24 | Barracks |
| 0:29 | Farm |
| 0:37 | Altar of Kings |
| 0:39 | Peasant |
| 1:05 | Farm |
| 1:29 | Footman |
| 1:47 | Peasant |
| 1:58 | Footman |
| 2:21 | Footman |
| 2:30 | Barracks |
| 2:39 | Footman |
| 2:54 | Devotion Aura |
| 3:07 | Footman |
| 3:36 | Footman |
| 3:40 | Farm |
| 4:13 | Blacksmith |
| 4:24 | Footman |
| 4:25 | Footman |
| 4:42 | Footman |
| 5:16 | Holy Light |
| 5:57 | Iron Forged Swords |
| 6:03 | Lumber Mill |
| 6:34 | Farm |
| 6:35 | Farm |
| 6:41 | Keep |
| 9:06 | Footman |
| 9:06 | Footman |
| 9:11 | Steel Forged Swords |
| 10:06 | Gryphon Aviary |
| 10:09 | Gryphon Aviary |
| 10:40 | Iron Plating |
| 10:44 | Devotion Aura |
| 11:30 | Castle |
| 11:48 | Gryphon Aviary |
| 12:12 | Town Hall |
| 14:47 | Gryphon Rider |
| 14:49 | Gryphon Rider |
| 14:52 | Gryphon Rider |
| 15:10 | Peasant |
| 15:11 | Peasant |
| 15:11 | Peasant |
| 15:37 | Gryphon Rider |
| 15:42 | Farm |
| 16:32 | Gryphon Rider |
| 17:35 | Gryphon Rider |
| 17:38 | Peasant |
| 17:38 | Peasant |
| 17:38 | Peasant |
| 17:38 | Peasant |
| 19:39 | Divine Shield |
| 20:26 | Town Hall |
| 21:43 | Farm |
| 23:34 | Town Hall |
| 23:41 | Farm |
| 23:45 | Altar of Kings |
| Right click | 1185 |
| Select | 306 |
| Build/train/purchase | 41 |
| Minimap ping | 10 |
| Use ability | 9 |
| Resource trade | 4 |
| Assign group | 1 |

| Peasant | 2 | 150 | / | 0 |
| Rifleman | 26 | 5330 | / | 780 |
| Footman | 8 | 1080 | / | 0 |
| total: | 36 | 6560g | / | 780w |
| Barracks | 1 | 160 | / | 60 |
| Altar of Kings | 1 | 180 | / | 50 |
| Farm | 7 | 560 | / | 140 |
| Blacksmith | 1 | 140 | / | 60 |
| Lumber Mill | 1 | 120 | / | 0 |
| Keep | 1 | 320 | / | 210 |
| total: | 11 | 1160g | / | 310w |
| 0:08 | Barracks |
| 0:10 | Peasant |
| 0:14 | Altar of Kings |
| 0:19 | Farm |
| 0:40 | Peasant |
| 1:17 | Blacksmith |
| 1:46 | Lumber Mill |
| 2:07 | Farm |
| 2:22 | Rifleman |
| 2:45 | Farm |
| 3:02 | Rifleman |
| 3:16 | Summon Water Elemental |
| 3:27 | Rifleman |
| 3:50 | Rifleman |
| 4:05 | Black Gunpowder |
| 4:45 | Rifleman |
| 4:45 | Rifleman |
| 5:05 | Rifleman |
| 5:54 | Rifleman |
| 5:55 | Rifleman |
| 5:56 | Rifleman |
| 6:19 | Rifleman |
| 7:47 | Blizzard |
| 9:42 | Studded Leather Armor |
| 9:56 | Farm |
| 9:59 | Farm |
| 11:05 | Keep |
| 11:19 | Footman |
| 11:20 | Footman |
| 11:20 | Footman |
| 11:20 | Footman |
| 11:29 | Iron Forged Swords |
| 11:29 | Iron Plating |
| 12:22 | Farm |
| 12:26 | Farm |
| 12:30 | Rifleman |
| 12:30 | Rifleman |
| 12:30 | Rifleman |
| 12:31 | Rifleman |
| 13:33 | Reinforced Leather Armor |
| 13:37 | Improved Lumber Harvesting |
| 13:39 | Improved Masonry |
| 13:41 | Footman |
| 13:41 | Footman |
| 15:06 | Rifleman |
| 15:06 | Rifleman |
| 15:07 | Rifleman |
| 15:17 | Rifleman |
| 15:23 | Long Rifles |
| 15:25 | Rifleman |
| 15:25 | Rifleman |
| 15:26 | Footman |
| 15:26 | Footman |
| 16:02 | Advanced Masonry |
| 17:24 | Rifleman |
| 17:24 | Rifleman |
| 17:24 | Rifleman |
| 17:25 | Rifleman |
| 17:25 | Rifleman |
| 19:20 | Summon Water Elemental |
| 20:02 | Blizzard |
| Select | 219 |
| Right click | 201 |
| Build/train/purchase | 57 |
| Use ability | 12 |
| Remove unit | 9 |

| Lesser Clarity Potion | 2 | 140 |
| Scroll of Regeneration | 1 | 100 |
| Potion of Mana | 1 | 200 |
| Ivory Tower | 2 | 80 |
| Scroll of Town Portal | 1 | 350 |
| total: | 7 | 870g |
| Peasant | 7 | 525 | / | 0 |
| Footman | 5 | 675 | / | 0 |
| Rifleman | 5 | 1025 | / | 150 |
| Mortar Team | 9 | 1620 | / | 630 |
| Siege Engine | 3 | 585 | / | 180 |
| Flying Machine | 5 | 500 | / | 150 |
| Goblin Shredder | 1 | 375 | / | 100 |
| Goblin Zeppelin | 1 | 240 | / | 60 |
| total: | 36 | 5545g | / | 1270w |
| Guard Tower | 1 | 70 | / | 50 |
| Barracks | 1 | 160 | / | 60 |
| Altar of Kings | 1 | 180 | / | 50 |
| Farm | 16 | 1280 | / | 320 |
| Lumber Mill | 1 | 120 | / | 0 |
| Blacksmith | 1 | 140 | / | 60 |
| Arcane Vault | 1 | 130 | / | 30 |
| Cannon Tower | 1 | 120 | / | 100 |
| Workshop | 2 | 280 | / | 280 |
| Keep | 1 | 320 | / | 210 |
| Castle | 1 | 360 | / | 210 |
| total: | 23 | 2290g | / | 800w |
| 0:07 | Barracks |
| 0:11 | Peasant |
| 0:11 | Peasant |
| 0:12 | Peasant |
| 0:25 | Altar of Kings |
| 0:51 | Peasant |
| 0:57 | Farm |
| 1:03 | Farm |
| 1:04 | Farm |
| 1:06 | Farm |
| 1:46 | Peasant |
| 1:56 | Farm |
| 1:59 | Farm |
| 2:10 | Footman |
| 2:10 | Footman |
| 2:11 | Footman |
| 2:17 | Footman |
| 2:17 | Footman |
| 2:32 | Lumber Mill |
| 2:41 | Farm |
| 2:47 | Farm |
| 2:56 | Flame Strike |
| 3:13 | Blacksmith |
| 3:39 | Arcane Vault |
| 3:47 | Peasant |
| 3:47 | Peasant |
| 4:45 | Black Gunpowder |
| 4:46 | Rifleman |
| 4:49 | Lesser Clarity Potion |
| 4:50 | Scroll of Regeneration |
| 5:04 | Keep |
| 5:09 | Lesser Clarity Potion |
| 5:48 | Goblin Shredder |
| 5:52 | Siphon Mana |
| 6:02 | Farm |
| 6:34 | Studded Leather Armor |
| 7:01 | Farm |
| 7:04 | Farm |
| 7:08 | Farm |
| 8:29 | Workshop |
| 8:35 | Workshop |
| 9:50 | Mortar Team |
| 9:51 | Mortar Team |
| 9:54 | Mortar Team |
| 9:59 | Rifleman |
| 10:01 | Reinforced Leather Armor |
| 10:01 | Refined Gunpowder |
| 10:05 | Rifleman |
| 10:05 | Rifleman |
| 10:06 | Rifleman |
| 10:15 | Potion of Mana |
| 10:16 | Scroll of Town Portal |
| 10:23 | Ivory Tower |
| 10:44 | Cannon Tower |
| 10:48 | Ivory Tower |
| 11:09 | Castle |
| 11:47 | Flare |
| 11:52 | Guard Tower |
| 12:08 | Flame Strike |
| 12:17 | Improved Masonry |
| 12:26 | Goblin Zeppelin |
| 12:47 | Farm |
| 12:49 | Farm |
| 12:50 | Farm |
| 12:51 | Farm |
| 13:22 | Mortar Team |
| 13:30 | Fragmentation Shards |
| 13:32 | Mortar Team |
| 13:33 | Siege Engine |
| 15:08 | Mortar Team |
| 15:08 | Siege Engine |
| 15:13 | Flying Machine |
| 15:14 | Flying Machine |
| 15:14 | Flying Machine |
| 15:42 | Flying Machine |
| 15:43 | Flying Machine Bombs |
| 15:43 | Flak Cannons |
| 15:58 | Flying Machine |
| 16:31 | Imbued Gunpowder |
| 16:32 | Dragonhide Armor |
| 17:54 | Mortar Team |
| 17:56 | Siege Engine |
| 18:21 | Mortar Team |
| 19:48 | Mortar Team |
| Right click | 677 |
| Select | 357 |
| Build/train/purchase | 69 |
| Use ability | 30 |
| Select group | 21 |
| Minimap ping | 21 |
| Chat | 19 |
| Remove unit | 13 |
| Assign group | 9 |
| Misc. action | 5 |
| Resource trade | 5 |

| Peasant | 8 | 600 | / | 0 |
| Footman | 11 | 1485 | / | 0 |
| Priest | 3 | 405 | / | 30 |
| Knight | 6 | 1470 | / | 360 |
| total: | 28 | 3960g | / | 390w |
| Scout Tower | 7 | 210 | / | 140 |
| Guard Tower | 2 | 140 | / | 100 |
| Altar of Kings | 1 | 180 | / | 50 |
| Barracks | 2 | 320 | / | 120 |
| Farm | 13 | 1040 | / | 260 |
| Blacksmith | 1 | 140 | / | 60 |
| Town Hall | 2 | 770 | / | 410 |
| Lumber Mill | 1 | 120 | / | 0 |
| Arcane Sanctum | 1 | 150 | / | 140 |
| Keep | 2 | 640 | / | 420 |
| Castle | 1 | 360 | / | 210 |
| total: | 28 | 2930g | / | 1180w |
| 0:05 | Peasant |
| 0:13 | Altar of Kings |
| 0:20 | Barracks |
| 0:26 | Farm |
| 0:36 | Peasant |
| 1:14 | Peasant |
| 1:38 | Footman |
| 1:38 | Footman |
| 1:38 | Footman |
| 1:46 | Farm |
| 2:14 | Footman |
| 2:31 | Devotion Aura |
| 3:04 | Footman |
| 3:04 | Footman |
| 3:11 | Farm |
| 3:17 | Blacksmith |
| 3:50 | Keep |
| 4:26 | Footman |
| 4:27 | Footman |
| 4:34 | Holy Light |
| 4:45 | Iron Forged Swords |
| 4:45 | Iron Plating |
| 5:04 | Barracks |
| 6:08 | Town Hall |
| 6:14 | Peasant |
| 6:15 | Peasant |
| 6:39 | Farm |
| 6:39 | Farm |
| 6:39 | Farm |
| 6:39 | Farm |
| 7:49 | Keep |
| 8:28 | Devotion Aura |
| 8:49 | Footman |
| 8:50 | Footman |
| 8:51 | Footman |
| 9:53 | Peasant |
| 9:53 | Peasant |
| 9:56 | Peasant |
| 10:12 | Arcane Sanctum |
| 10:20 | Steel Forged Swords |
| 10:27 | Castle |
| 12:17 | Farm |
| 12:18 | Farm |
| 12:25 | Priest |
| 12:25 | Priest |
| 12:25 | Priest |
| 12:59 | Lumber Mill |
| 13:45 | Knight |
| 13:45 | Knight |
| 13:46 | Knight |
| 14:42 | Knight |
| 15:11 | Farm |
| 15:14 | Farm |
| 15:14 | Farm |
| 15:18 | Farm |
| 15:26 | Scout Tower |
| 15:27 | Scout Tower |
| 15:29 | Scout Tower |
| 15:31 | Scout Tower |
| 15:33 | Scout Tower |
| 15:34 | Scout Tower |
| 15:36 | Scout Tower |
| 15:57 | Sundering Blades |
| 16:03 | Guard Tower |
| 16:28 | Guard Tower |
| 17:11 | Animal War Training |
| 17:12 | Knight |
| 17:12 | Knight |
| 18:52 | Holy Light |
| 19:52 | Devotion Aura |
| 22:45 | Town Hall |
| Right click | 1386 |
| Select group | 662 |
| Select | 313 |
| Build/train/purchase | 46 |
| Use ability | 19 |
| Assign group | 12 |
| Remove unit | 1 |
| Minimap ping | 1 |
185 units @ 23.5k
/ 3.8k
139 buildings @ 15.5k
/ 6.9k

| Scroll of Regeneration | 2 | 200 |
| Lesser Clarity Potion | 2 | 140 |
| Ivory Tower | 2 | 80 |
| Scroll of Town Portal | 1 | 350 |
| total: | 7 | 770g |
| Peasant | 17 | 1275 | / | 0 |
| Footman | 15 | 2025 | / | 0 |
| Knight | 2 | 490 | / | 120 |
| Flying Machine | 25 | 2500 | / | 750 |
| Mortar Team | 2 | 360 | / | 140 |
| Siege Engine | 1 | 195 | / | 60 |
| Goblin Shredder | 1 | 375 | / | 100 |
| total: | 63 | 7220g | / | 1170w |
| Scout Tower | 13 | 390 | / | 260 |
| Guard Tower | 6 | 420 | / | 300 |
| Altar of Kings | 1 | 180 | / | 50 |
| Farm | 17 | 1360 | / | 340 |
| Barracks | 1 | 160 | / | 60 |
| Lumber Mill | 1 | 120 | / | 0 |
| Town Hall | 2 | 770 | / | 410 |
| Arcane Vault | 1 | 130 | / | 30 |
| Blacksmith | 1 | 140 | / | 60 |
| Workshop | 3 | 420 | / | 420 |
| Keep | 1 | 320 | / | 210 |
| Castle | 1 | 360 | / | 210 |
| total: | 40 | 3670g | / | 1630w |
| 0:05 | Peasant |
| 0:05 | Peasant |
| 0:08 | Altar of Kings |
| 0:16 | Peasant |
| 0:18 | Farm |
| 0:37 | Barracks |
| 0:52 | Peasant |
| 0:52 | Peasant |
| 0:56 | Lumber Mill |
| 1:03 | Farm |
| 1:19 | Peasant |
| 2:04 | Peasant |
| 2:04 | Peasant |
| 2:04 | Peasant |
| 2:04 | Peasant |
| 2:07 | Footman |
| 2:07 | Footman |
| 2:12 | Farm |
| 2:14 | Summon Water Elemental |
| 2:24 | Peasant |
| 2:33 | Peasant |
| 2:45 | Footman |
| 2:53 | Farm |
| 3:07 | Footman |
| 3:30 | Peasant |
| 3:31 | Peasant |
| 3:33 | Footman |
| 3:41 | Brilliance Aura |
| 3:50 | Town Hall |
| 3:59 | Arcane Vault |
| 4:31 | Footman |
| 4:42 | Keep |
| 4:53 | Scroll of Regeneration |
| 5:18 | Footman |
| 5:51 | Peasant |
| 5:51 | Peasant |
| 5:51 | Peasant |
| 5:57 | Scout Tower |
| 5:57 | Scout Tower |
| 5:58 | Scout Tower |
| 5:59 | Scout Tower |
| 6:01 | Scout Tower |
| 6:02 | Scout Tower |
| 6:16 | Footman |
| 6:31 | Blizzard |
| 6:35 | Footman |
| 6:37 | Guard Tower |
| 7:11 | Guard Tower |
| 7:17 | Scout Tower |
| 7:17 | Scout Tower |
| 7:19 | Scout Tower |
| 7:21 | Scout Tower |
| 7:22 | Scout Tower |
| 7:25 | Footman |
| 7:31 | Defend |
| 7:33 | Castle |
| 8:02 | Blacksmith |
| 8:03 | Guard Tower |
| 8:17 | Lesser Clarity Potion |
| 8:18 | Lesser Clarity Potion |
| 8:38 | Footman |
| 8:39 | Footman |
| 8:42 | Improved Masonry |
| 8:46 | Scroll of Regeneration |
| 8:49 | Ivory Tower |
| 8:53 | Ivory Tower |
| 8:58 | Scroll of Town Portal |
| 9:00 | Guard Tower |
| 9:04 | Footman |
| 9:08 | Guard Tower |
| 9:11 | Improved Lumber Harvesting |
| 9:35 | Black Gunpowder |
| 9:36 | Iron Plating |
| 9:56 | Footman |
| 10:02 | Workshop |
| 10:04 | Workshop |
| 10:45 | Footman |
| 10:55 | Blizzard |
| 11:01 | Knight |
| 11:15 | Workshop |
| 11:18 | Advanced Lumber Harvesting |
| 11:22 | Refined Gunpowder |
| 11:40 | Flak Cannons |
| 12:02 | Blizzard |
| 12:15 | Farm |
| 12:15 | Farm |
| 12:16 | Farm |
| 12:16 | Farm |
| 12:16 | Farm |
| 12:16 | Farm |
| 12:16 | Farm |
| 12:16 | Farm |
| 12:17 | Farm |
| 12:17 | Farm |
| 12:18 | Farm |
| 12:43 | Flying Machine Bombs |
| 12:59 | Goblin Shredder |
| 13:48 | Steel Plating |
| 13:49 | Flying Machine |
| 13:50 | Flying Machine |
| 13:50 | Flying Machine |
| 14:21 | Knight |
| 14:32 | Flying Machine |
| 14:32 | Flying Machine |
| 14:32 | Flying Machine |
| 14:35 | Flying Machine |
| 14:36 | Flying Machine |
| 14:41 | Flying Machine |
| 14:41 | Flying Machine |
| 14:46 | Flying Machine |
| 14:47 | Flying Machine |
| 15:14 | Flying Machine |
| 15:14 | Flying Machine |
| 15:35 | Flying Machine |
| 15:51 | Imbued Gunpowder |
| 16:32 | Flying Machine |
| 16:32 | Flying Machine |
| 17:11 | Flying Machine |
| 17:12 | Flying Machine |
| 17:40 | Flying Machine |
| 17:40 | Flying Machine |
| 18:05 | Flying Machine |
| 19:04 | Mass Teleport |
| 19:17 | Flying Machine |
| 19:17 | Flying Machine |
| 19:18 | Flying Machine |
| 19:39 | Mortar Team |
| 20:05 | Mortar Team |
| 20:53 | Siege Engine |
| 21:12 | Farm |
| 21:18 | Scout Tower |
| 21:29 | Scout Tower |
| 21:49 | Farm |
| 22:56 | Town Hall |
| 23:57 | Guard Tower |
| Right click | 958 |
| Select group | 411 |
| Select | 367 |
| Chat | 182 |
| Build/train/purchase | 159 |
| Misc. action | 105 |
| Assign group | 56 |
| Use ability | 16 |
| Esc | 11 |
| Item give/drop | 3 |



| Wisp | 29 | 1740 | / | 0 |
| Archer | 10 | 1300 | / | 100 |
| Druid of the Claw | 5 | 1275 | / | 400 |
| Dryad | 8 | 1160 | / | 480 |
| total: | 52 | 5475g | / | 980w |
| Ancient Protector | 5 | 675 | / | 400 |
| Altar of Elders | 1 | 180 | / | 50 |
| Moon Well | 13 | 2340 | / | 520 |
| Ancient of War | 2 | 300 | / | 120 |
| Hunter's Hall | 1 | 210 | / | 100 |
| Tree of Life | 1 | 340 | / | 185 |
| Ancient of Wonders | 1 | 90 | / | 30 |
| Ancient of Lore | 2 | 310 | / | 290 |
| Tree of Ages | 1 | 320 | / | 180 |
| Tree of Eternity | 1 | 330 | / | 200 |
| total: | 26 | 4445g | / | 1695w |
| 0:04 | Wisp |
| 0:08 | Altar of Elders |
| 0:11 | Wisp |
| 0:22 | Moon Well |
| 0:26 | Wisp |
| 0:34 | Ancient of War |
| 0:42 | Wisp |
| 0:59 | Wisp |
| 1:17 | Wisp |
| 1:17 | Wisp |
| 1:33 | Moon Well |
| 1:40 | Archer |
| 1:47 | Wisp |
| 1:59 | Wisp |
| 2:11 | Mana Burn |
| 2:29 | Tree of Ages |
| 2:32 | Archer |
| 2:54 | Hunter's Hall |
| 3:19 | Archer |
| 3:20 | Archer |
| 3:27 | Moon Well |
| 4:30 | Archer |
| 4:53 | Evasion |
| 5:13 | Tree of Life |
| 5:14 | Wisp |
| 5:14 | Wisp |
| 5:16 | Wisp |
| 5:20 | Ancient Protector |
| 5:22 | Ancient Protector |
| 5:30 | Ancient Protector |
| 5:39 | Wisp |
| 5:40 | Archer |
| 6:10 | Ancient of Lore |
| 6:12 | Ancient of Lore |
| 6:41 | Wisp |
| 6:48 | Wisp |
| 7:04 | Mana Burn |
| 7:16 | Tree of Eternity |
| 7:30 | Frost Arrows |
| 8:14 | Druid of the Claw Adept Training |
| 8:20 | Wisp |
| 8:20 | Wisp |
| 8:20 | Wisp |
| 8:20 | Wisp |
| 8:21 | Wisp |
| 8:29 | Ancient of Wonders |
| 8:52 | Druid of the Claw |
| 9:41 | Forked Lightning |
| 9:50 | Druid of the Claw Master Training |
| 9:50 | Druid of the Claw |
| 9:53 | Wisp |
| 9:53 | Wisp |
| 9:53 | Wisp |
| 11:05 | Mark of the Claw |
| 11:06 | Druid of the Claw |
| 11:10 | Moon Well |
| 11:12 | Moon Well |
| 11:50 | Evasion |
| 12:11 | Druid of the Claw |
| 12:15 | Wisp |
| 12:16 | Wisp |
| 12:16 | Wisp |
| 12:19 | Moon Well |
| 12:23 | Strength of the Wild |
| 12:24 | Reinforced Hides |
| 12:57 | Forked Lightning |
| 15:19 | Abolish Magic |
| 15:20 | Dryad |
| 16:08 | Ancient of War |
| 16:10 | Wisp |
| 16:10 | Wisp |
| 16:10 | Wisp |
| 16:15 | Improved Strength of the Wild |
| 16:16 | Improved Reinforced Hides |
| 16:18 | Dryad |
| 16:52 | Dryad |
| 16:54 | Moon Well |
| 16:57 | Moon Well |
| 16:58 | Moon Well |
| 17:04 | Nature's Blessing |
| 17:09 | Moon Well |
| 17:10 | Moon Well |
| 17:10 | Moon Well |
| 17:14 | Ancient Protector |
| 17:16 | Ancient Protector |
| 17:34 | Mana Burn |
| 17:40 | Summon Lava Spawn |
| 18:07 | Frost Arrows |
| 19:32 | Soul Burn |
| 19:42 | Advanced Strength of the Wild |
| 19:42 | Advanced Reinforced Hides |
| 21:40 | Forked Lightning |
| 21:41 | Summon Lava Spawn |
| 21:59 | Metamorphosis |
| 23:31 | Druid of the Claw |
| 23:34 | Archer |
| 23:34 | Archer |
| 23:34 | Archer |
| 23:34 | Archer |
| 23:35 | Dryad |
| 23:35 | Dryad |
| 23:35 | Dryad |
| 23:35 | Dryad |
| 23:36 | Dryad |
| 23:38 | Ultravision |
| 23:38 | Well Spring |
| 24:59 | Moon Well |
| Right click | 626 |
| Select group | 555 |
| Chat | 401 |
| Select | 292 |
| Build/train/purchase | 129 |
| Misc. action | 123 |
| Use ability | 49 |
| Assign group | 31 |
| Minimap ping | 5 |
| Esc | 3 |
| Item give/drop | 2 |

| Peasant | 15 | 1125 | / | 0 |
| Footman | 4 | 540 | / | 0 |
| Gryphon Rider | 8 | 2240 | / | 560 |
| Knight | 3 | 735 | / | 180 |
| Goblin Shredder | 1 | 375 | / | 100 |
| total: | 31 | 5015g | / | 840w |
| Scout Tower | 10 | 300 | / | 200 |
| Guard Tower | 6 | 420 | / | 300 |
| Altar of Kings | 1 | 180 | / | 50 |
| Farm | 16 | 1280 | / | 320 |
| Lumber Mill | 1 | 120 | / | 0 |
| Barracks | 1 | 160 | / | 60 |
| Blacksmith | 1 | 140 | / | 60 |
| Town Hall | 4 | 1540 | / | 820 |
| Cannon Tower | 3 | 360 | / | 300 |
| Gryphon Aviary | 4 | 560 | / | 600 |
| Workshop | 1 | 140 | / | 140 |
| Keep | 1 | 320 | / | 210 |
| Castle | 1 | 360 | / | 210 |
| total: | 39 | 4420g | / | 2250w |
| 0:09 | Peasant |
| 0:09 | Peasant |
| 0:12 | Peasant |
| 0:21 | Altar of Kings |
| 0:26 | Peasant |
| 0:33 | Farm |
| 1:17 | Farm |
| 1:32 | Peasant |
| 1:33 | Peasant |
| 1:53 | Peasant |
| 1:53 | Peasant |
| 1:59 | Farm |
| 2:38 | Keep |
| 2:51 | Lumber Mill |
| 3:03 | Flame Strike |
| 3:14 | Barracks |
| 3:37 | Scout Tower |
| 4:11 | Farm |
| 4:34 | Footman |
| 4:34 | Footman |
| 4:34 | Footman |
| 4:36 | Footman |
| 4:56 | Farm |
| 5:01 | Castle |
| 5:06 | Blacksmith |
| 5:08 | Improved Lumber Harvesting |
| 5:40 | Siphon Mana |
| 6:02 | Guard Tower |
| 6:12 | Farm |
| 6:48 | Town Hall |
| 7:04 | Scout Tower |
| 7:33 | Guard Tower |
| 7:36 | Farm |
| 8:22 | Scout Tower |
| 8:29 | Peasant |
| 8:29 | Peasant |
| 8:30 | Peasant |
| 8:43 | Advanced Lumber Harvesting |
| 8:53 | Farm |
| 9:00 | Gryphon Aviary |
| 9:25 | Scout Tower |
| 9:28 | Scout Tower |
| 9:56 | Guard Tower |
| 10:06 | Gryphon Aviary |
| 10:11 | Gryphon Aviary |
| 10:20 | Farm |
| 10:22 | Improved Masonry |
| 10:25 | Storm Hammers |
| 10:28 | Peasant |
| 10:31 | Peasant |
| 10:40 | Guard Tower |
| 10:42 | Peasant |
| 10:42 | Peasant |
| 10:46 | Gryphon Rider |
| 10:46 | Gryphon Rider |
| 10:52 | Gryphon Aviary |
| 11:18 | Scout Tower |
| 11:21 | Guard Tower |
| 11:31 | Gryphon Rider |
| 12:15 | Gryphon Rider |
| 12:41 | Scout Tower |
| 13:17 | Farm |
| 13:47 | Knight |
| 13:47 | Knight |
| 13:48 | Knight |
| 14:01 | Workshop |
| 14:11 | Flame Strike |
| 14:28 | Goblin Shredder |
| 14:44 | Siphon Mana |
| 15:12 | Animal War Training |
| 15:50 | Cannon Tower |
| 15:53 | Guard Tower |
| 16:28 | Gryphon Rider |
| 16:43 | Gryphon Rider |
| 16:55 | Advanced Masonry |
| 16:58 | Iron Forged Swords |
| 16:59 | Studded Leather Armor |
| 17:47 | Flame Strike |
| 18:32 | Scout Tower |
| 18:35 | Scout Tower |
| 18:59 | Gryphon Rider |
| 19:03 | Farm |
| 19:05 | Cannon Tower |
| 19:09 | Cannon Tower |
| 19:18 | Farm |
| 19:37 | Imbued Masonry |
| 20:25 | Scout Tower |
| 20:35 | Gryphon Rider |
| 21:41 | Town Hall |
| 22:09 | Town Hall |
| 22:39 | Town Hall |
| 23:36 | Reinforced Leather Armor |
| 23:38 | Steel Forged Swords |
| 23:54 | Farm |
| 23:56 | Farm |
| 23:58 | Farm |
| 25:17 | Farm |
| Right click | 628 |
| Select | 261 |
| Build/train/purchase | 59 |
| Use ability | 10 |

| Scroll of Regeneration | 1 | 100 |
| total: | 1 | 100g |
| Peasant | 18 | 1350 | / | 0 |
| Footman | 10 | 1350 | / | 0 |
| Gryphon Rider | 11 | 3080 | / | 770 |
| total: | 39 | 5780g | / | 770w |
| Scout Tower | 11 | 330 | / | 220 |
| Guard Tower | 7 | 490 | / | 350 |
| Altar of Kings | 1 | 180 | / | 50 |
| Farm | 14 | 1120 | / | 280 |
| Barracks | 1 | 160 | / | 60 |
| Lumber Mill | 1 | 120 | / | 0 |
| Arcane Vault | 1 | 130 | / | 30 |
| Blacksmith | 1 | 140 | / | 60 |
| Town Hall | 1 | 385 | / | 205 |
| Gryphon Aviary | 3 | 420 | / | 450 |
| Keep | 1 | 320 | / | 210 |
| Castle | 1 | 360 | / | 210 |
| total: | 34 | 2985g | / | 1355w |
| 0:07 | Altar of Kings |
| 0:10 | Farm |
| 0:12 | Peasant |
| 0:12 | Peasant |
| 0:22 | Barracks |
| 0:37 | Peasant |
| 0:52 | Farm |
| 1:20 | Peasant |
| 1:20 | Peasant |
| 1:20 | Peasant |
| 1:29 | Footman |
| 1:51 | Farm |
| 1:53 | Footman |
| 2:14 | Footman |
| 2:15 | Footman |
| 2:31 | Summon Water Elemental |
| 2:44 | Lumber Mill |
| 2:46 | Peasant |
| 2:47 | Peasant |
| 3:03 | Footman |
| 3:24 | Footman |
| 3:34 | Arcane Vault |
| 3:55 | Farm |
| 3:57 | Farm |
| 4:07 | Blacksmith |
| 4:35 | Brilliance Aura |
| 5:25 | Town Hall |
| 5:35 | Footman |
| 5:35 | Footman |
| 5:46 | Farm |
| 5:47 | Farm |
| 5:51 | Iron Forged Swords |
| 6:23 | Keep |
| 6:27 | Improved Masonry |
| 6:31 | Footman |
| 6:31 | Footman |
| 6:41 | Scroll of Regeneration |
| 6:56 | Scout Tower |
| 6:58 | Scout Tower |
| 7:02 | Scout Tower |
| 7:08 | Scout Tower |
| 7:09 | Scout Tower |
| 7:26 | Guard Tower |
| 7:52 | Guard Tower |
| 8:25 | Scout Tower |
| 8:33 | Scout Tower |
| 8:39 | Guard Tower |
| 8:46 | Guard Tower |
| 8:53 | Peasant |
| 8:53 | Peasant |
| 8:53 | Peasant |
| 8:56 | Peasant |
| 9:04 | Guard Tower |
| 9:21 | Farm |
| 9:27 | Scout Tower |
| 9:30 | Peasant |
| 9:30 | Peasant |
| 9:30 | Peasant |
| 9:30 | Peasant |
| 9:48 | Improved Lumber Harvesting |
| 10:15 | Castle |
| 10:23 | Guard Tower |
| 10:29 | Farm |
| 10:41 | Summon Water Elemental |
| 11:06 | Gryphon Aviary |
| 11:10 | Gryphon Aviary |
| 11:12 | Steel Forged Swords |
| 12:48 | Gryphon Rider |
| 12:50 | Gryphon Rider |
| 12:51 | Gryphon Rider |
| 12:53 | Peasant |
| 12:53 | Peasant |
| 12:56 | Advanced Lumber Harvesting |
| 13:26 | Mithril Forged Swords |
| 13:34 | Gryphon Aviary |
| 14:16 | Storm Hammers |
| 14:17 | Gryphon Rider |
| 14:20 | Gryphon Rider |
| 14:33 | Brilliance Aura |
| 15:04 | Gryphon Rider |
| 15:05 | Gryphon Rider |
| 15:30 | Gryphon Rider |
| 16:18 | Studded Leather Armor |
| 16:27 | Summon Water Elemental |
| 16:46 | Gryphon Rider |
| 17:20 | Farm |
| 17:21 | Farm |
| 17:23 | Farm |
| 17:25 | Farm |
| 17:26 | Farm |
| 19:16 | Gryphon Rider |
| 19:16 | Gryphon Rider |
| 20:28 | Mass Teleport |
| 21:44 | Brilliance Aura |
| 23:35 | Scout Tower |
| 23:37 | Scout Tower |
| 23:38 | Scout Tower |
| 24:42 | Blizzard |
| 25:08 | Guard Tower |
| Right click | 384 |
| Select | 266 |
| Build/train/purchase | 83 |
| Chat | 48 |
| Use ability | 9 |
| Minimap ping | 3 |
⇛